| TOP OF THE 1ST |
|
Chattanooga Lookouts batting - Pitching for Akron RubberDucks : RHP Fomio Tashima
|
|
Pitching: RHP Fomio Tashima
|
|
|
Batting: RHB J.J. Powers
|
0-0: DOUBLE (Line Drive, 7LS, EV 110.6 MPH)
|
|
Batting: LHB Jim Pankratz
|
0-0: Ball 1-0: Foul Ball, location: 2F 1-1: Ball J.J. Powers steals 3rd base 2-1: Fly out, F8 (Flyball, 8RXD, EV 103.1 MPH) Runner from 3rd tags up, SCORES, no throw by CF
|
|
Batting: RHB Miguel Diaz
|
0-0: Ball 1-0: Ball 2-0: Ball 3-0: Called Strike 3-1: Called Strike 3-2: SINGLE (Line Drive, 56D, EV 108.1 MPH)
|
|
Batting: LHB Matt Robertson
|
0-0: Swinging Strike 0-1: Ball 1-1: Called Strike 1-2: Ball 2-2: Ball 3-2: Base on Balls Miguel Diaz to second
|
|
Batting: RHB Jesse Scott
|
0-0: Called Strike 0-1: Fielders Choice at 2nd, 1-6 (Groundball, 13S, EV 74.4 MPH) Miguel Diaz to third
|
|
Batting: RHB Manuel Juarez
|
0-0: Foul Ball, location: 2F 0-1: Ball 1-1: Called Strike Jesse Scott is caught stealing 2nd base 2-4
|
| Top of the 1st over - 1 run, 2 hits, 0 errors, 1 left on base; Chattanooga 1 - Akron 0 |
| BOTTOM OF THE 1ST |
|
Akron RubberDucks batting - Pitching for Chattanooga Lookouts : RHP Bud Puffer
|
|
Pitching: RHP Bud Puffer
|
|
|
Batting: LHB Nick Welling
|
0-0: Ball 1-0: Called Strike 1-1: Ball 2-1: SINGLE (Groundball, 34D, EV 101.2 MPH) (infield hit)
|
|
Batting: LHB Justin Rankin
|
0-0: Ball 1-0: Called Strike 1-1: Ball 2-1: Swinging Strike 2-2: Strikes out swinging
|
|
Batting: RHB Carlos Abrego
|
0-0: Reached on error, E3 (Groundball, 34S, EV 65.6 MPH) Nick Welling to second
|
|
Batting: LHB Costodio Varino
|
0-0: Called Strike 0-1: Called Strike 0-2: Foul Ball, location: 2F 0-2: Foul Ball, location: 2F 0-2: Ball 1-2: Strikes out swinging
|
|
Batting: LHB Sam Ogg
|
0-0: Ball 1-0: Foul Ball, location: 2F 1-1: Ball 2-1: Ball 3-1: SINGLE (Groundball, 6D, EV 110.0 MPH) Nick Welling to third Carlos Abrego to second
|
|
Batting: SHB Arturo Baez
|
0-0: Called Strike 0-1: Swinging Strike 0-2: Strikes out swinging
|
| Bottom of the 1st over - 0 runs, 2 hits, 1 error, 3 left on base; Chattanooga 1 - Akron 0 |
| TOP OF THE 2ND |
|
Chattanooga Lookouts batting - Pitching for Akron RubberDucks : RHP Fomio Tashima
|
|
Batting: RHB Manuel Juarez
|
0-0: Ball 1-0: Called Strike 1-1: Fly out, F9 (Line Drive, 9, EV 103.1 MPH)
|
|
Batting: SHB Ian Thompson
|
0-0: Ball 1-0: Called Strike 1-1: Swinging Strike 1-2: Strikes out swinging
|
|
Batting: LHB Israel Montoya
|
0-0: Ball 1-0: Ball 2-0: Foul Ball, location: 2F 2-1: Ball 3-1: Swinging Strike 3-2: Base on Balls
|
|
Batting: LHB Mike Handrahan
|
0-0: Ball Israel Montoya steals 2nd base 1-0: Foul Ball, location: 2F 1-1: Ball 2-1: Swinging Strike 2-2: Strikes out looking
|
| Top of the 2nd over - 0 runs, 0 hits, 0 errors, 1 left on base; Chattanooga 1 - Akron 0 |
| BOTTOM OF THE 2ND |
|
Akron RubberDucks batting - Pitching for Chattanooga Lookouts : RHP Bud Puffer
|
|
Batting: RHB Willie Gonzales
|
0-0: Fly out, F8 (Flyball, 8RD, EV 100.0 MPH)
|
|
Batting: RHB Jeremy Givens
|
0-0: Foul Ball, location: 2F 0-1: Foul Ball, location: 2F 0-2: DOUBLE (Line Drive, 89D, EV 106.2 MPH)
|
|
Batting: LHB Rich Walker
|
0-0: Ball 1-0: Called Strike 1-1: DOUBLE (Line Drive, 89D, EV 107.5 MPH) Jeremy Givens scores
|
|
Batting: LHB Nick Welling
|
0-0: Ball 1-0: Ball 2-0: Ground out 6-3 (Groundball, 6, EV 76.9 MPH)
|
|
Batting: LHB Justin Rankin
|
0-0: Ball 1-0: Called Strike 1-1: Foul Ball, location: 2F 1-2: Strikes out looking
|
| Bottom of the 2nd over - 1 run, 2 hits, 0 errors, 1 left on base; Chattanooga 1 - Akron 1 |
| TOP OF THE 3RD |
|
Chattanooga Lookouts batting - Pitching for Akron RubberDucks : RHP Fomio Tashima
|
|
Batting: RHB J.J. Powers
|
0-0: Ball 1-0: Swinging Strike 1-1: SINGLE (Groundball, 4M, EV 106.2 MPH) (infield hit)
|
|
Batting: LHB Jim Pankratz
|
0-0: Ball 1-0: Ball 2-0: Foul Ball, location: 2F 2-1: Grounds into double play, 6-4-3 (Groundball, 6, EV 106.9 MPH)
|
|
Batting: RHB Miguel Diaz
|
0-0: Called Strike 0-1: Ball 1-1: Ball 2-1: Called Strike 2-2: Ball 3-2: Foul Ball, location: 2F 3-2: Base on Balls
|
|
Batting: LHB Matt Robertson
|
0-0: Ball 1-0: SINGLE (Groundball, 6MS, EV 76.9 MPH) (infield hit) Miguel Diaz to second
|
|
Batting: RHB Jesse Scott
|
0-0: Ball 1-0: Swinging Strike 1-1: Foul Ball, location: 2F 1-2: SINGLE (Groundball, 56S, EV 75.0 MPH) (infield hit) Miguel Diaz to third Matt Robertson to second
|
|
Batting: RHB Manuel Juarez
|
0-0: Foul Ball, location: 2F 0-1: Foul Ball, location: 2F 0-2: Strikes out looking
|
| Top of the 3rd over - 0 runs, 3 hits, 0 errors, 3 left on base; Chattanooga 1 - Akron 1 |
| BOTTOM OF THE 3RD |
|
Akron RubberDucks batting - Pitching for Chattanooga Lookouts : RHP Bud Puffer
|
|
Batting: RHB Carlos Abrego
|
0-0: Foul Ball, location: 2F 0-1: Fly out, F7 (Flyball, 78M, EV 80.6 MPH)
|
|
Batting: LHB Costodio Varino
|
0-0: Fly out, F7 (Flyball, 78M, EV 90.6 MPH)
|
|
Batting: LHB Sam Ogg
|
0-0: Called Strike 0-1: Ball 1-1: Swinging Strike 1-2: Ball 2-2: Foul Ball, location: 2F 2-2: Ground out U3 (Groundball, 34, EV 91.2 MPH)
|
| Bottom of the 3rd over - 0 runs, 0 hits, 0 errors, 0 left on base; Chattanooga 1 - Akron 1 |
| TOP OF THE 4TH |
|
Chattanooga Lookouts batting - Pitching for Akron RubberDucks : RHP Fomio Tashima
|
|
Batting: SHB Ian Thompson
|
0-0: Called Strike 0-1: SINGLE (Groundball, 6S, EV 73.1 MPH) (infield hit)
|
|
Batting: LHB Israel Montoya
|
0-0: Foul Ball, location: 2F 0-1: Foul Ball, location: 2F 0-2: Ball 1-2: Strikes out swinging
|
|
Batting: LHB Mike Handrahan
|
0-0: Ball 1-0: Foul Ball, location: 2F 1-1: Fly out, F7 (Flyball, 7LD, EV 103.1 MPH)
|
|
Batting: RHB J.J. Powers
|
0-0: Ball 1-0: Ball 2-0: Foul Ball, location: 2F 2-1: Ball 3-1: Base on Balls Ian Thompson to second
|
|
Batting: LHB Jim Pankratz
|
0-0: Foul Ball, location: 2F 0-1: Swinging Strike 0-2: Ball 1-2: Strikes out swinging, 2-3 out at first.
|
| Top of the 4th over - 0 runs, 1 hit, 0 errors, 2 left on base; Chattanooga 1 - Akron 1 |
| BOTTOM OF THE 4TH |
|
Akron RubberDucks batting - Pitching for Chattanooga Lookouts : RHP Bud Puffer
|
|
Batting: SHB Arturo Baez
|
0-0: Called Strike 0-1: Foul Ball, location: 2F 0-2: Foul Ball, location: 2F 0-2: Strikes out swinging
|
|
Batting: RHB Willie Gonzales
|
0-0: Foul Ball, location: 2F 0-1: Ball 1-1: Ball 2-1: Foul Ball, location: 2F 2-2: Foul Ball, location: 2F 2-2: Ball 3-2: Foul Ball, location: 2F 3-2: Strikes out swinging
|
|
Batting: RHB Jeremy Givens
|
0-0: Called Strike 0-1: Ball 1-1: Ball 2-1: Foul Ball, location: 2F 2-2: Strikes out swinging
|
| Bottom of the 4th over - 0 runs, 0 hits, 0 errors, 0 left on base; Chattanooga 1 - Akron 1 |
| TOP OF THE 5TH |
|
Chattanooga Lookouts batting - Pitching for Akron RubberDucks : RHP Fomio Tashima
|
|
Batting: RHB Miguel Diaz
|
0-0: Ground out 5-3 (Groundball, 56, EV 101.2 MPH)
|
|
Batting: LHB Matt Robertson
|
0-0: Ball 1-0: Foul Ball, location: 2F 1-1: Ball 2-1: SINGLE (Groundball, 56D, EV 110.6 MPH)
|
|
Batting: RHB Jesse Scott
|
0-0: Ball 1-0: Swinging Strike Matt Robertson is caught stealing 2nd base 2-4 1-1: Ball 2-1: Ball 3-1: Base on Balls
|
|
Batting: RHB Manuel Juarez
|
0-0: Ball 1-0: Ball 2-0: Swinging Strike 2-1: Called Strike Jesse Scott steals 2nd base (no throw) 2-2: Ball 3-2: Foul Ball, location: 2F 3-2: Strikes out looking
|
| Top of the 5th over - 0 runs, 1 hit, 0 errors, 1 left on base; Chattanooga 1 - Akron 1 |
| BOTTOM OF THE 5TH |
|
Akron RubberDucks batting - Pitching for Chattanooga Lookouts : RHP Bud Puffer
|
|
Batting: LHB Rich Walker
|
0-0: Foul Ball, location: 2F 0-1: Swinging Strike 0-2: Ball 1-2: Ball 2-2: SINGLE (Line Drive, 89M, EV 109.4 MPH)
|
|
Batting: LHB Nick Welling
|
0-0: Foul Ball, location: 2F 0-1: Ball 1-1: Called Strike 1-2: Ball 2-2: Ball 3-2: SINGLE (Groundball, 34, EV 101.2 MPH) (infield hit) Rich Walker to second
|
|
Batting: LHB Justin Rankin
|
0-0: Ball 1-0: Ball 2-0: SINGLE (Groundball, 4MD, EV 108.8 MPH) Rich Walker to third Nick Welling to second Runner from 3rd tries for Home, SAFE, throw by CF to home
|
|
Batting: RHB Carlos Abrego
|
0-0: Called Strike Nick Welling is caught stealing 3rd base 2-5 0-1: Grounds into double play, 5-4-3 (Groundball, 15, EV 90.6 MPH)
|
| Bottom of the 5th over - 1 run, 3 hits, 0 errors, 0 left on base; Chattanooga 1 - Akron 2 |
| TOP OF THE 6TH |
|
Chattanooga Lookouts batting - Pitching for Akron RubberDucks : RHP Fomio Tashima
|
|
Pitching: RHP Rainer Von Croy
|
|
|
Batting: SHB Ian Thompson
|
0-0: Fly out, F8 (Flyball, 8RD, EV 88.8 MPH)
|
|
Batting: LHB Israel Montoya
|
0-0: Reached on error, E5 (Groundball, 56, EV 86.9 MPH)
|
|
Batting: LHB Mike Handrahan
|
0-0: Swinging Strike 0-1: Ball 1-1: Ball 2-1: Foul Ball, location: 2F 2-2: Foul Ball, location: 2F 2-2: Ball 3-2: Foul Ball, location: 2F 3-2: Foul Ball, location: 2F 3-2: Strikes out swinging Israel Montoya is caught stealing 2nd base 2-6 Batter strikes out.
|
| Top of the 6th over - 0 runs, 0 hits, 1 error, 0 left on base; Chattanooga 1 - Akron 2 |
| BOTTOM OF THE 6TH |
|
Akron RubberDucks batting - Pitching for Chattanooga Lookouts : RHP Bud Puffer
|
|
Batting: LHB Costodio Varino
|
0-0: Ball 1-0: Called Strike 1-1: Ball 2-1: Swinging Strike 2-2: Strikes out swinging
|
|
Batting: LHB Sam Ogg
|
0-0: Ball 1-0: Called Strike 1-1: Called Strike 1-2: Strikes out swinging
|
|
Batting: SHB Arturo Baez
|
0-0: Called Strike 0-1: Ball 1-1: Swinging Strike 1-2: Ball 2-2: Strikes out swinging
|
| Bottom of the 6th over - 0 runs, 0 hits, 0 errors, 0 left on base; Chattanooga 1 - Akron 2 |
| TOP OF THE 7TH |
|
Chattanooga Lookouts batting - Pitching for Akron RubberDucks : RHP Rainer Von Croy
|
|
Pitching: RHP Marcus Cox
|
|
|
Batting: RHB J.J. Powers
|
0-0: Ball 1-0: Called Strike 1-1: Ball 2-1: Swinging Strike 2-2: Ball 3-2: Strikes out swinging
|
|
Batting: LHB Jim Pankratz
|
0-0: Called Strike 0-1: Ball 1-1: Foul Ball, location: 2F 1-2: Ball 2-2: Strikes out swinging
|
|
Batting: RHB Miguel Diaz
|
0-0: Ball 1-0: Ball 2-0: Ball 3-0: Called Strike 3-1: Called Strike 3-2: Base on Balls
|
|
Batting: LHB Matt Robertson
|
0-0: Ball 1-0: Ball 2-0: Foul Ball, location: 2F 2-1: Swinging Strike 2-2: Ball 3-2: Base on Balls Miguel Diaz to second
|
|
Batting: RHB Jesse Scott
|
0-0: Called Strike 0-1: Called Strike 0-2: Strikes out swinging
|
| Top of the 7th over - 0 runs, 0 hits, 0 errors, 2 left on base; Chattanooga 1 - Akron 2 |
| BOTTOM OF THE 7TH |
|
Akron RubberDucks batting - Pitching for Chattanooga Lookouts : RHP Bud Puffer
|
|
Batting: RHB Willie Gonzales
|
0-0: Swinging Strike 0-1: Foul Ball, location: 2F 0-2: Ball 1-2: Strikes out swinging
|
|
Pitching: RHP Matthew Lange
|
|
|
Batting: RHB Jeremy Givens
|
0-0: Called Strike 0-1: Ball 1-1: Ball 2-1: Ball 3-1: Called Strike 3-2: Foul Ball, location: 2F 3-2: Ground out 4-3 (Groundball, 4, EV 86.9 MPH)
|
|
Batting: LHB Rich Walker
|
0-0: Foul Ball, location: 2F 0-1: Ball 1-1: Swinging Strike 1-2: Ball 2-2: Ball 3-2: Strikes out swinging
|
| Bottom of the 7th over - 0 runs, 0 hits, 0 errors, 0 left on base; Chattanooga 1 - Akron 2 |
| TOP OF THE 8TH |
|
Chattanooga Lookouts batting - Pitching for Akron RubberDucks : RHP Marcus Cox
|
|
Pitching: LHP Victor Garcia
|
|
|
Batting: RHB Manuel Juarez
|
0-0: Called Strike 0-1: Called Strike 0-2: Ball 1-2: Ball 2-2: Strikes out swinging, 2-3 out at first.
|
|
Batting: SHB Ian Thompson
|
0-0: Ball 1-0: Swinging Strike 1-1: Ball 2-1: Foul Ball, location: 2F 2-2: Foul Ball, location: 2F 2-2: Ground out 6-3 (Groundball, 6, EV 97.5 MPH)
|
|
Batting: LHB Israel Montoya
|
0-0: Reached on error, E8 (Flyball, 8RD, EV 91.2 MPH)
|
|
Pinch Hitting: RHB Jose Nunez
|
0-0: Ball 1-0: Ground out 4-3 (Groundball, 4, EV 87.5 MPH)
|
| Top of the 8th over - 0 runs, 0 hits, 1 error, 1 left on base; Chattanooga 1 - Akron 2 |
| BOTTOM OF THE 8TH |
|
Akron RubberDucks batting - Pitching for Chattanooga Lookouts : RHP Matthew Lange
|
|
Now at 3B: Jose Nunez
|
|
|
Batting: LHB Nick Welling
|
0-0: Foul Ball, location: 2F 0-1: Ground out 5-3 (Groundball, 15, EV 86.2 MPH)
|
|
Batting: LHB Justin Rankin
|
0-0: Ball 1-0: Ball 2-0: Foul Ball, location: 2F 2-1: Ball 3-1: Called Strike 3-2: Fly out, F7 (Flyball, 7, EV 92.5 MPH)
|
|
Batting: RHB Carlos Abrego
|
0-0: Swinging Strike 0-1: Foul Ball, location: 2F 0-2: Strikes out swinging
|
| Bottom of the 8th over - 0 runs, 0 hits, 0 errors, 0 left on base; Chattanooga 1 - Akron 2 |
| TOP OF THE 9TH |
|
Chattanooga Lookouts batting - Pitching for Akron RubberDucks : LHP Victor Garcia
|
|
Pitching: RHP Mike Shields
|
|
|
Now at 2B: Yasuo Igarashi
|
|
|
Now at 3B: Adrian Martinelli
|
|
|
Batting: RHB J.J. Powers
|
0-0: Foul Ball, location: 2F 0-1: Called Strike 0-2: Ball 1-2: Ball 2-2: Foul Ball, location: 2F 2-2: Ball 3-2: Fly out, F9 (Flyball, 89S, EV 78.8 MPH)
|
|
Batting: LHB Jim Pankratz
|
0-0: Ball 1-0: Ball 2-0: Foul Ball, location: 2F 2-1: Ball 3-1: Fly out, F8 (Flyball, 78M, EV 90.6 MPH)
|
|
Batting: RHB Miguel Diaz
|
0-0: Foul Ball, location: 2F 0-1: Foul Ball, location: 2F 0-2: Fly out, F9 (Flyball, 9, EV 88.1 MPH)
|
| Top of the 9th over - 0 runs, 0 hits, 0 errors, 0 left on base; Chattanooga 1 - Akron 2 |
|